 Dungeon Crawl Stone Soup version 0.28.0-43-g3370ac3207 (webtiles) character file.

Game seed: 7915621193811650651

42904 pkoi the Stormcaller (level 14, -2/88 HPs)
             Began as an Octopode Air Elementalist on Mar 18, 2022.
             Was a High Priest of Hepliaklqana.
             Slain by a dream sheep (29 damage)
             ... on level 5 of the Lair of Beasts.
             The game lasted 00:43:38 (39233 turns).

pkoi the Stormcaller (Octopode Air Elementalist)   Turns: 39233, Time: 00:43:39

Health: -2/88      AC:  6    Str: 10    XL:     14   Next: 21%
Magic:  22/28      EV:  2    Int: 21    God:    Hepliaklqana [*****.]
Gold:   1163       SH:  0    Dex: 13    Spells: 17/33 levels left

rFire   + . .      SeeInvis .   D - +1 dagger (venom)
rCold   . . .      Faith    .   (no shield)
rNeg    . . .      Spirit   .   F - +1 hat "Opite" {Regen+ Str+2 Slay+2}
rPois   .          Reflect  +   b - amulet of reflection
rElec   .          Harm     .   l - ring of protection from fire
rCorr   .          Rampage  .   E - +4 ring of protection
Will    +....                   (no ring)
Stlth   +++++.....              (no ring)
HPRegen 1.04/turn               (no ring)
MPRegen 0.21/turn               (no ring)
                                (no ring)
                                (no ring)

@: sleeping, very slightly contaminated
A: reduced essence, almost no armour, amphibious, 8 rings, camouflage 1,
gelatinous body 1, (nimble swimmer 1), tentacles, large bone plates 1, robust 1,
subdued magic 1
a: Renounce Religion, Recall Ancestor, Ancestor Identity, Transference, Idealise


You were on level 5 of the Lair of Beasts.
You worshipped Hepliaklqana.
Hepliaklqana was extremely pleased with you.
You visited 3 branches of the dungeon, and saw 18 of its levels.

You collected 1163 gold pieces.

Inventory:

Hand Weapons
 a - a +1 dagger
 c - a +4 dagger
 v - a +0 short sword of venom
 w - the +7 dagger of a Gauntlet {distort, rCorr Dex+2}
   (You took it off a gnoll on level 6 of the Dungeon)

   It warps and distorts space around it, and may blink, banish, or inflict
   extra damage upon those it strikes.
   Unwielding it can cause banishment or high damage.
   Dex:       It affects your dexterity (+2).
   rCorr:     It protects you from acid and corrosion.
 x - a +2 dagger of electrocution
 D - a +1 dagger of venom (weapon)
Missiles
 d - 6 datura-tipped darts
 m - 5 silver javelins
Armour
 F - the +1 hat "Opite" (worn) {Regen+ Str+2 Slay+2}
   (You acquired it on level 7 of the Dungeon)

   Str:       It affects your strength (+2).
   Slay:      It affects your accuracy & damage with ranged weapons and melee
   (+2).
   Regen:     It increases your rate of health regeneration.
Jewellery
 b - an amulet of reflection (around mantle)
 i - a ring of fire
 l - a ring of protection from fire (left tentacle)
 r - a ring of magical power
 E - a +4 ring of protection (right tentacle)
Wands
 e - a wand of iceblast (9)
 s - a wand of flame (49)
 B - a wand of mindburst (4)
 C - a wand of acid (6)
 I - a wand of polymorph (5)
Scrolls
 f - a scroll of fear
 g - 5 scrolls of fog
 u - 3 scrolls of immolation
 y - a scroll of brand weapon
 A - 8 scrolls of identify
Potions
 h - 3 potions of heal wounds
 j - a potion of berserk rage
 k - 4 potions of might
 n - 4 potions of curing
 o - 4 potions of flight
 p - 2 potions of haste
 q - a potion of magic
 t - a potion of brilliance
 z - a potion of resistance
 G - a potion of invisibility
 H - 2 potions of attraction


   Skills:
 + Level 5.5 Fighting
 + Level 5.8 Dodging
 + Level 8.3 Stealth
 - Level 10.4 Spellcasting
 + Level 5.9 Conjurations
 + Level 2.9 Hexes
 + Level 2.8 Summonings
 - Level 15.5 Air Magic
 + Level 5.9 Invocations
 + Level 8.9 Evocations


You had 17 spell levels left.
You knew the following spells:

 Your Spells              Type           Power      Damage    Failure   Level
a - Shock                 Conj/Air       100%       1d9       1%          1
b - Static Discharge      Conj/Air       43%        N/A       1%          2
c - Swiftness             Air            56%        N/A       0%          3
d - Airstrike             Air            28%        N/A       1%          4
e - Call Canine Familiar  Summ           17%        N/A       4%          3
f - Summon Guardian Gole  Hex/Summ       17%        N/A       4%          3

Your spell library contained the following spells:

 Spells                   Type           Power      Damage    Failure   Level
 Magic Dart               Conj           100%       1d8       1%          1
 Summon Small Mammal      Summ           68%        N/A       1%          1
 Mephitic Cloud           Conj/Pois/Air  31%        N/A       1%          3
 Call Imp                 Summ           17%        N/A       2%          2
 Animate Skeleton         Necr           16%        N/A       4%          1
 Pain                     Necr           32%        1d5       4%          1
 Sublimation of Blood     Necr           8%         N/A       8%          2
 Gell's Gravitas          Tloc           8%         N/A       16%         3
 Teleport Other           Tloc           8%         N/A       16%         3
 Vampiric Draining        Necr           8%         2d6       16%         3
 Cause Fear               Hex            8%         N/A       16%         4
 Irradiate                Conj/Tmut      9%         3d17      41%         5
 Petrify                  Tmut/Erth      8%         N/A       47%         4
 Dispersal                Tloc           4%         N/A       100%        6
 Dragon Form              Tmut           4%         N/A       100%        7
 Dragon's Call            Summ           8%         N/A       100%        9


Dungeon Overview and Level Annotations

Branches:
Dungeon (11/15)            Temple (1/1) D:6            Lair (6/6) D:11
 Shoals (0/4) Lair:3        Snake (0/4) Lair:2        Slime (0/5) Lair:6
    Orc (0/2) D:10

Altars:
Ashenzari
Dithmenos
Fedhas
Gozag
Hepliaklqana
Makhleb
Okawaru
Qazlal
Ru
Sif Muna
Trog
Uskayaw
Vehumet
Wu Jian
Xom
Yredelemnul
Zin
The Shining One
Jiyva

Annotations:
Lair:5 2 transporters, Hauhev's ghost, journeyman SpIE


Innate Abilities, Weirdness & Mutations

Your life essence is reduced to manifest your ancestor. (-10% HP)
You cannot wear most types of armour.
You are amphibious.
You can wear up to eight rings at the same time.
Your skin changes colour to match your surroundings (Stealth+).
Your rubbery body absorbs attacks. (AC +1, EV +1)
((You are camouflaged when in or above water. (Stealth+)))
You have tentacles for arms and can constrict up to eight enemies at once.
You are partially covered in large bone plates. (SH +4)
You are robust. (+10% HP)
Your spells are a little easier to cast, but a little less powerful.


Message History

There is a stone staircase leading up, spattered with blood here.
Unknown command.
The dream sheep closely misses you. The dream sheep bites you.
* * * LOW HITPOINT WARNING * * *
The dream sheep bites you!
* * * LOW HITPOINT WARNING * * *
The dream sheep closely misses you.
Vela hits the dream sheep with a +0 dagger of draining!
The dream sheep bites you but does no damage.
You climb upwards.
Level annotation: 2 transporters, Hauhev's ghost, journeyman SpIE
There is a stone staircase leading down here.
Unknown command.
Casting: Airstrike (safe; 1% risk of failure)
Confirm with . or Enter, or press ? or * to list all spells.
You miscast Call Canine Familiar.
You are very lightly contaminated with residual magic.
Nothing appears to happen.
The dream sheep barely misses you. The dream sheep closely misses you.
The dream sheep bites you but does no damage. x2
Vela barely misses the dream sheep.
The dream sheep bites you.
* * * LOW HITPOINT WARNING * * *
Casting: Call Canine Familiar (dangerous; 4% risk of failure)
Confirm with . or Enter, or press ? or * to list all spells.
A guardian golem appears, shielding your allies.
The dream sheep closely misses you. The dream sheep bites you.
* * * LOW HITPOINT WARNING * * *
The dream sheep closely misses you. The dream sheep bites you!
* * * LOW HITPOINT WARNING * * *
Vela hits the dream sheep but does no damage.
The dream sheep bites you.
* * * LOW HITPOINT WARNING * * *
The dream sheep bites you!
* * * LOW HITPOINT WARNING * * *
Vela gestures at the dream sheep while chanting.
The dream sheep resists with some effort.
The dream sheep are wreathed in dream dust.
You feel drowsy...
You fall asleep.
The dream sheep bites you!!
You die...

#.............#####....#....
##..................(..#.....
#.#..#PP.###.................
###P.#...P#P..P.......##...##
##########...#.#P...##...##
###########...##......##..##
#.#.#..#..R...###...###.....
##.........YYY...............
#.........YY@................
#........9........#....##..##
###.................###.#....#
#R#..................###......
##..................#..#....P.
#P...........................
##.............>.............
#.##P...##..................
#####.####..................


You could see the friendly Vela the hexer (sheltered), 5 dream sheep and a
friendly guardian golem (summoned).

Vanquished Creatures
  A boulder beetle (D:7)
  5 hydras
  A catoblepas (Lair:6)
  2 two-headed ogres
  Nergalle (D:10)
  2 deep elf pyromancers (D:9)
  A manticore (D:11)
  5 elephants
  2 black mambas
  Maurice (D:9)
  Joseph (D:10)
  12 cane toads
  2 torpor snails
  An unseen horror (D:11)
  Maggie (D:7)
  An efreet (D:9)
  3 komodo dragons
  A freezing wraith (D:9)
  2 rime drakes
  2 hornets
  2 polar bears
  A troll (D:10)
  4 blink frogs (Lair:4)
  A slime creature (D:10)
  3 dream sheep (Lair:6)
  4 wraiths
  2 wyverns
  25 yaks
  8 basilisks
  2 steam dragons
  2 nagas (Lair:2)
  An acid dragon (D:9)
  18 water moccasins
  Duvessa (D:5)
  A sky beast (D:4)
  2 ice beasts
  9 orc warriors
  A black bear (Lair:1)
  A necrophage (D:6)
  A hornet zombie (D:6)
  7 ogres
  10 wolves
  3 centaurs
  2 phantoms (D:5)
  2 kobold brigands (D:6)
  16 bullfrogs
  5 gnoll sergeants
  4 scorpions
  A wyvern zombie (D:8)
  Dowan (D:5)
  A wyvern skeleton (D:7)
  9 killer bees
  2 electric eels
  5 howler monkeys
  5 centaur zombies
  2 hounds
  A gnoll shaman (D:9)
  5 orc priests
  A jelly (D:5)
  A bullfrog skeleton (D:7)
  6 iguanas
  6 orc wizards
  2 howler monkey zombies
  8 adders
  17 gnolls
  A shadow imp (D:6)
  A white imp (D:5)
  2 ufetubi (D:4)
  2 adder skeletons (D:4)
  3 worms
  8 dart slugs (D:5)
  28 orcs
  5 endoplasms
  10 hobgoblins
  4 jackals
  20 kobolds
  A quokka (D:3)
  7 ball pythons
  7 bats
  2 frilled lizards
  5 goblins
  5 rats
369 creatures vanquished.

Vanquished Creatures (collateral kills)
  Josephine (D:10)
  2 catoblepae (Lair:5)
  2 elephants (Lair:5)
  A centaur zombie (D:11)
  A rime drake (Lair:3)
  5 komodo dragons
  2 slime creatures (D:10)
  14 yaks
  A wyvern (D:9)
  A wraith (D:10)
  A basilisk (Lair:2)
  2 vampire mosquitoes (D:11)
  A water moccasin (D:11)
  An ogre (D:10)
  A wolf (Lair:2)
  2 kobold brigands (D:10)
  A gnoll sergeant (D:10)
  2 bullfrogs
  An orc (D:9)
  A butterfly (Lair:5)
43 creatures vanquished.

Vanquished Creatures (others)
  2 yaks (Lair:5)
  A kobold brigand (D:10)
  2 ancestors (D:9)
  7 hexers
  2 kobolds (D:6)
  46 fungi
  67 plants
127 creatures vanquished.

Grand Total: 539 creatures vanquished

Notes
Turn   | Place    | Note
-------+----------+-------------------------------------------
     0 | D:1      | pkoi the Octopode Air Elementalist began the quest for the
                  | Orb.
     0 | D:1      | Reached XP level 1. HP: 11/11 MP: 3/3
   310 | D:1      | Reached XP level 2. HP: 15/17 MP: 1/5
   512 | D:1      | Gained mutation: Your spells are a little easier to cast,
                  | but a little less powerful. [potion of mutation]
   512 | D:1      | Gained mutation: You are robust. (+10% HP) [potion of
                  | mutation]
   512 | D:1      | Gained mutation: You are partially covered in large bone
                  | plates. (SH +4) [potion of mutation]
  1009 | D:1      | Reached skill level 4 in Air Magic
  1009 | D:1      | Reached XP level 3. HP: 17/23 MP: 1/6
  1328 | D:2      | Found a faded altar of an unknown god.
  1590 | D:2      | Learned a level 2 spell: Static Discharge
  1594 | D:2      | Learned a level 3 spell: Swiftness
  1893 | D:2      | Reached XP level 4. HP: 17/29 MP: 0/7
  2067 | D:2      | Reached skill level 5 in Air Magic
  3809 | D:3      | Reached XP level 5. HP: 34/34 MP: 6/8
  4557 | D:4      | Reached skill level 6 in Air Magic
  4627 | D:4      | Found a sacrificial altar of Ru.
  4845 | D:4      | Noticed an ogre
  4862 | D:4      | Killed an ogre
  4863 | D:4      | Reached XP level 6. HP: 39/39 MP: 4/9
  5065 | D:4      | Found a blossoming altar of Fedhas.
  5316 | D:4      | Reached skill level 7 in Air Magic
  5617 | D:4      | Learned a level 4 spell: Airstrike
  5774 | D:4      | Found a stormy altar of Qazlal.
  5779 | D:4      | Found a shimmering blue altar of Sif Muna.
  5783 | D:4      | Found a glowing silver altar of Zin.
  5898 | D:5      | Entered Level 5 of the Dungeon
  5898 | D:5      | Noticed a sky beast
  6204 | D:5      | Reached XP level 7. HP: 45/45 MP: 3/11
  7219 | D:5      | HP: 1/45 [centaur (2)]
  7771 | D:5      | Reached skill level 8 in Air Magic
  7898 | D:5      | Noticed Duvessa
  7994 | D:5      | Killed Duvessa
  7995 | D:5      | Reached XP level 8. HP: 50/50 MP: 1/14
  7996 | D:5      | Noticed Dowan
  8292 | D:5      | Killed Dowan
  8293 | D:5      | Reached skill level 9 in Air Magic
  8648 | D:5      | Found a burning altar of Makhleb.
  9350 | D:6      | Noticed a wraith
 10109 | D:6      | Killed a wraith
 10110 | D:6      | Reached skill level 5 in Spellcasting
 10417 | D:6      | Found a staircase to the Ecumenical Temple.
 10424 | D:6      | Reached XP level 9. HP: 45/56 MP: 0/16
 10432 | Temple   | Entered the Ecumenical Temple
 10543 | Temple   | Became a worshipper of Hepliaklqana the Forgotten
 10559 | D:6      | Reached skill level 10 in Air Magic
 11139 | D:6      | Identified the +7 dagger of a Gauntlet {distort, rCorr
                  | Dex+2}
 11166 | D:6      | Found a basalt altar of Yredelemnul.
 12372 | D:7      | Noticed a two-headed ogre
 12376 | D:7      | Killed a two-headed ogre
 12377 | D:7      | Reached skill level 11 in Air Magic
 12483 | D:7      | Found a hide-covered altar of Uskayaw.
 12510 | D:7      | Noticed a boulder beetle
 12848 | D:7      | Noticed Maggie
 12856 | D:7      | Killed Maggie
 12857 | D:7      | Reached XP level 10. HP: 56/61 MP: 3/20
 13224 | D:7      | Reached skill level 12 in Air Magic
 13521 | D:7      | Noticed a +0 dagger
 13521 | D:7      | Noticed a +0 hand axe
 14177 | D:8      | Found a shadowy altar of Dithmenos.
 15160 | D:8      | Reached * piety under Hepliaklqana
 15814 | D:9      | Noticed Maurice
 16343 | D:9      | Reached skill level 13 in Air Magic
 16919 | D:9      | Reached skill level 1 in Invocations
 16919 | D:9      | Reached skill level 1 in Evocations
 17390 | D:9      | Noticed a deep elf pyromancer
 17394 | D:9      | Killed a deep elf pyromancer
 17499 | D:9      | Reached XP level 11. HP: 61/61 MP: 14/23
 17559 | D:9      | Noticed a two-headed ogre
 17565 | D:9      | Killed a two-headed ogre
 17667 | D:9      | Killed Maurice
 17956 | D:9      | Noticed a deep elf pyromancer
 17959 | D:9      | Killed a deep elf pyromancer
 18204 | D:9      | Reached ** piety under Hepliaklqana
 18205 | D:9      | Remembered your ancestor Vela as a hexer
 19219 | D:7      | Killed a boulder beetle
 19223 | D:7      | Identified a scroll of acquirement
 19223 | D:7      | Acquired the +1 hat "Opite" {Regen+ Str+2 Slay+2}
 19635 | D:7      | Reached skill level 14 in Air Magic
 20113 | D:7      | Found an iron altar of Okawaru.
 20195 | D:10     | Entered Level 10 of the Dungeon
 20262 | D:10     | Noticed Joseph
 20267 | D:10     | Killed Joseph
 20507 | D:10     | Noticed Josephine
 20991 | D:10     | Found a staircase to the Orcish Mines.
 21552 | D:10     | Reached skill level 5 in Evocations
 22101 | D:10     | Reached XP level 12. HP: 66/66 MP: 0/25
 22235 | D:10     | Killed Josephine
 22879 | D:10     | Found a bloodstained altar of Trog.
 22908 | D:10     | Noticed Nergalle
 22915 | D:10     | Killed Nergalle
 23295 | D:10     | Reached skill level 15 in Air Magic
 24308 | D:11     | Reached *** piety under Hepliaklqana
 25137 | D:11     | Reached skill level 1 in Fighting
 25298 | D:11     | Found a staircase to the Lair.
 25333 | Lair:1   | Entered Level 1 of the Lair of Beasts
 25645 | Lair:1   | Noticed a four-headed hydra
 25649 | Lair:1   | Killed a four-headed hydra
 27370 | Lair:2   | Reached skill level 5 in Stealth
 27370 | Lair:2   | Reached skill level 10 in Spellcasting
 27699 | Lair:2   | Reached XP level 13. HP: 77/77 MP: 12/27
 27960 | Lair:2   | Found a staircase to the Snake Pit.
 30196 | Lair:2   | Reached **** piety under Hepliaklqana
 31816 | Lair:3   | Found a staircase to the Shoals.
 32029 | Lair:3   | Reached skill level 5 in Conjurations
 32789 | Lair:3   | Learned a level 3 spell: Call Canine Familiar
 32793 | Lair:3   | Learned a level 3 spell: Summon Guardian Golem
 32933 | Lair:4   | You fall into a shaft and drop 2 floors!
 32933 | Lair:6   | Entered Level 6 of the Lair of Beasts
 33124 | Lair:6   | Reached skill level 5 in Dodging
 33124 | Lair:6   | Reached skill level 1 in Summonings
 33129 | Lair:5   | Found a transporter.
 33338 | Lair:5   | Reached skill level 1 in Hexes
 33338 | Lair:5   | Reached skill level 5 in Invocations
 33631 | Lair:5   | Found a transporter.
 33664 | Lair:5   | Reached ***** piety under Hepliaklqana
 34256 | Lair:4   | Reached skill level 5 in Fighting
 36375 | Lair:3   | Reached XP level 14. HP: 65/88 MP: 14/28
 37920 | Lair:5   | Noticed Hauhev's ghost (journeyman SpIE)
 38763 | Lair:5   | Found a bloodstained altar of Trog.
 38765 | Lair:5   | Identified the +4 kite shield of Happy Babbling {Str-2
                  | Dex+6 SInv}
 39233 | Lair:5   | Slain by a dream sheep

Illustrated notes

Levels and vault maps discovered:
D:1:      ncdulo_wetmaze, layout_basic
D:2:      layout_basic, shapermc_ecumenical_altar_mp_ritualfount,
          amcnicky_mini_corridor_feature
D:3:      layout_basic, minmay_ruptured
D:4:      layout_rooms, minmay_overflow_temple_star_quad, fedhas_altar_2,
          nicolae_ru_awakened_eye
D:5:      kennysheep_slugbush, layout_loops_ring, makhleb_heckhound_becter,
          minmay_misc_feat_ornament, minmay_statues_item, uniq_duvessa
D:6:      layout_loops_cross, mainiacjoe_overflow_small_starburst,
          minmay_temple_entry_glass, cheibrodos_sewer_entry_bend,
          minmay_misc_feat_rugged
D:7:      layout_gridville, mainiacjoe_overflow_alcove_2,
          dancing_weapons_uskayaw, uniq_maggie
D:8:      layout_cave_pools, amcnicky_altar_gilded
D:9:      layout_grid_maze, minmay_fractal_squares_gapless_7, uniq_maurice
D:10:     layout_long_grid, mainiacjoe_overflow_24_doors,
          kennysheep_orc_monster_closet_entryway, kennysheep_cluttered_room,
          uniq_joseph, uniq_josephine, uniq_nergalle
D:11:     layout_loops_ring, grunt_lair_entry_orc_guard_hut, serial_glass,
          glass_columns_a, glass_columns_b, glass_columns_c, glass_columns_a,
          glass_columns_b, glass_columns_a, hangedman_glass_teeth,
          grunt_ministairs_2
Temple:   pf_slimified_temple
Lair:1:   layout_big_grid, serial_bayou_lake_a
Lair:2:   layout_cave_pods, minmay_snake_entry_guardpost_small
Lair:3:   layout_roguey, elwin_shoals_entry_rooms, infiniplex_staircase_pool_2
Lair:4:   layout_cave_pods, serial_bayou_shore_b, lemuel_fruit_tree
Lair:5:   layout_small_grid, gammafunk_ghost_wrathful_warriors,
          eino_small_chamber_without_monster, lemuel_fruit_fields
Lair:6:   minmay_lair_end_enchanted_forest, layout_regular_city,
          dpeg_slime_entry_enclosed_altar, lemuel_fruit_fields,
          grunt_megastairs_4

Skill      XL: |  1  2  3  4  5  6  7  8  9 10 11 12 13 14 |
---------------+-------------------------------------------+-----
Air Magic      | 4 5 6 7 8 9 11 13 14 15 | 15.5
Spellcasting   | 3 4 5 6 8 9 10 | 10.4
Conjurations   | 2 3 4 5 |  5.9
Invocations    | 2 4 5 |  5.9
Evocations     | 2 5 7 8 |  8.9
Stealth        | 5 7 8 |  8.3
Fighting       | 3 5 |  5.5
Dodging        | 3 5 |  5.8
Summonings     | 2 |  2.8
Hexes          | 2 |  2.9

Action                   |  1- 3 |  4- 6 |  7- 9 | 10-12 | 13-15 || total
-------------------------+-------+-------+-------+-------+-------++-------
Melee: Dagger            |    13 |    19 |    40 |    54 |    42 ||   168
       Tentacles         |     1 |     7 |     7 |    23 |    10 ||    48
       Constrict         |     2 |    10 |     3 |     4 |     3 ||    22
       Punch             |     1 |       |     4 |     1 |     1 ||     7
       Short sword       |       |       |       |     8 |       ||     8
 Cast: Shock             |    78 |   150 |     1 |     3 |       ||   232
       Airstrike         |       |       |   110 |   366 |   286 ||   762
       Summon Guardian G |       |       |       |       |     4 ||     4
       Call Canine Famil |       |       |       |       |     3 ||     3
Invok: Recall Ancestor   |       |       |       |     7 |     8 ||    15
       Ancestor Identity |       |       |       |     2 |       ||     2
       Ancestor Life: He |       |       |       |     1 |       ||     1
Evoke: Wand              |       |       |     6 |    14 |     4 ||    24
  Use: Scroll            |     4 |     4 |     6 |    11 |     8 ||    33
       Potion            |     2 |       |       |     2 |       ||     4
 Stab: Confused          |       |       |       |     4 |     2 ||     6
       Petrified         |       |       |       |       |     1 ||     1
Armor: Skin              |     5 |       |     7 |    26 |    31 ||    69
Dodge: Dodged            |    11 |    17 |    42 |    72 |    95 ||   237
Block: Other             |     1 |    25 |    34 |    67 |    62 ||   189
       Reflection        |       |     1 |     4 |     2 |       ||     7
